AoeStats
← LookBehindYou!

Arabia

510560608Analyzed
1v1 RM · 2d ago on Oct 1, 2026· 43m 17s· 2 players
Game mode
Random Map
Map size
Tiny (2 player)
Population
200
Speed
Normal
Resources
Standard
Victory
Conquest
Starting age
Dark Age
Ending age
Imperial Age
RankedLock teamsTeams togetherTeam positionsShared explorationLock speedFull tech treeHidden civsTurbo modeCheats
Victory
Defeat
🇨🇴 Persians · Colombia
930
+15
🇺🇸 Vietnamese · United States
912
-15
LookBehindYou!
8:43 Loom
11:04 Feudal Age
11:38 Double-Bit Axe
11:40 Horse Collar
13:06 Gold Mining
17:35 Fletching
23:20 Castle Age
21:57 Padded Archer Armor
23:07 Forging
22:58 Scale Mail Armor
24:10 Crossbowman
26:12 Bodkin Arrow
26:26 Thumb Ring
26:40 Bow Saw
27:02 Squires
27:10 Heavy Plow
28:47 Leather Archer Armor
28:02 Pikeman
30:52 Wheelbarrow
30:04 Town Watch
37:49 Stone Mining
39:28 Iron Casting
41:03 Ballistics
46:15 Imperial Age
Dherleg
3:27 Loom
9:37 Feudal Age
10:31 Double-Bit Axe
14:44 Horse Collar
17:09 Town Watch
20:52 Castle Age
19:45 Bloodlines
19:43 Scale Barding Armor
21:53 Husbandry
23:30 Forging
23:36 Gold Mining
27:51 Chain Barding Armor
28:27 Wheelbarrow
28:22 Bow Saw
28:46 Town Patrol
28:59 Heavy Plow
30:54 Stone Mining
34:04 Fletching
38:40 Imperial Age
37:23 Gold Shaft Mining
39:37 Plate Barding Armor
38:26 Cavalier
39:37 Conscription
39:27 Bodkin Arrow
42:08 Iron Casting
41:57 Savar
44:03 Blast Furnace
Connection lost

Rejoining the realm…

Still unreachable

The connection could not be restored.

Session expired

The server has moved on; the page needs a fresh start.